 Dungeon Crawl Stone Soup version 0.22-a0-322-g60b3cfd (webtiles) character file.

39120 torrenera the Grappler (level 13, -2/133 HPs)
             Began as a Troll Fighter on Apr 3, 2018.
             Was a High Priest of Makhleb.
             Slain by an entropy weaver (13 damage)
             ... on level 3 of the Lair of Beasts.
             The game lasted 00:36:10 (13608 turns).

torrenera the Grappler (Troll Fighter)             Turns: 13608, Time: 00:36:12

Health: -2/133     AC:  4    Str: 32    XL:     13   Next: 67%
Magic:  18/18      EV: 16    Int:  6    God:    Makhleb [*****.]
Gold:   876        SH: 14    Dex: 21    Spells: 12/12 levels left

rFire    . . .     SeeInvis .     - Unarmed
rCold    + . .     Gourm    +   b - +0 shield
rNeg     . . .     Faith    +   M - +2 robe {rC+}
rPois    .         Spirit   .   U - +1 hat
rElec    .         Reflect  .   (no cloak)
rCorr    .         Harm     .   (gloves unavailable)
MR       .....                  (boots unavailable)
Stlth    ++........             t - amulet of faith
HPRegen  0.72/turn              q - +5 ring of dexterity
MPRegen  0.16/turn              N - +5 ring of dexterity

@: mighty, about to teleport, corroded
A: large, unfitting armour, claws 3, fast metabolism 3, gourmand, regeneration
1, shaggy fur 1, tough skin 2
a: Minor Destruction, Lesser Servant of Makhleb, Major Destruction, Greater
Servant of Makhleb, Renounce Religion


You were on level 3 of the Lair of Beasts.
You worshipped Makhleb.
Makhleb was extremely pleased with you.
You were completely stuffed.

You visited 3 branches of the dungeon, and saw 17 of its levels.

You collected 876 gold pieces.

Inventory:

Missiles
 l - 449 stones
 C - 40 poisoned needles
 F - 5 needles of confusion
 T - a large rock (quivered)
Armour
 b - a +0 shield (worn)
 M - a +2 robe of cold resistance (worn)
 U - a +1 hat (worn)
Jewellery
 q - a +5 ring of dexterity (left claw)
 t - an amulet of faith (around neck)
 A - an uncursed ring of protection from magic
 B - an uncursed ring of positive energy
 D - an uncursed ring of see invisible
 L - an uncursed ring of ice
 N - a +5 ring of dexterity (right claw)
Wands
 p - a wand of iceblast (15)
 y - a wand of acid (9)
 H - a wand of flame (74)
 P - a wand of paralysis (17)
Scrolls
 a - a scroll of fog {unknown}
 e - a scroll of magic mapping
 h - 2 scrolls of amnesia
 j - 9 scrolls of remove curse
 m - 2 scrolls of enchant armour {unknown}
 s - 4 scrolls of enchant weapon
 u - a scroll of acquirement {unknown}
 v - a scroll of identify
 x - 2 scrolls of immolation {unknown}
 E - 2 scrolls of vulnerability {unknown}
 G - 2 scrolls of noise {unknown}
 I - 3 scrolls of random uselessness {unknown}
 O - 2 scrolls of teleportation
 Q - a scroll of fear
 W - a scroll of summoning {unknown}
Potions
 c - 3 potions of might
 f - a potion of magic {unknown}
 g - 5 potions of curing
 i - a potion of cancellation
 k - 3 potions of flight
 n - 4 potions of mutation
 o - a potion of degeneration {unknown}
 r - 7 potions of agility
 w - a potion of ambrosia
 z - 2 potions of brilliance
 J - a potion of lignification {unknown}
 K - 2 potions of resistance {unknown}
 S - a potion of berserk rage {unknown}
Comestibles
 d - 24 rations
 V - 3 chunks of flesh


   Skills:
 + Level 9.9 Fighting
 + Level 7.5 Dodging
 - Level 11.0 Shields
 - Level 11.7 Unarmed Combat
 - Level 8.5 Invocations


You had 12 spell levels left.
You didn't know any spells.

Dungeon Overview and Level Annotations

Branches:
Dungeon (12/15)            Temple (1/1) D:7            Lair (4/6) D:11
  Swamp (0/4) Lair:3       Spider (0/4) Lair:3          Orc (0/2) D:11

Altars:
Dithmenos
Fedhas
Gozag
Hepliaklqana
Makhleb
Okawaru
Qazlal
Sif Muna
Trog
Uskayaw
Vehumet
Wu Jian
The Shining One

Annotations:
D:12 Rupert


Innate Abilities, Weirdness & Mutations

You are too large for most types of armour.
You have claws for hands.
Your metabolism is lightning-fast.
You like to eat raw meat.
Your natural rate of healing is unusually fast.
You are covered in fur. (AC +1)
You have very tough skin. (AC +2)


Message History

The entropy weaver is moderately wounded.
The entropy weaver hits you!
You block the entropy weaver's attack. x2
The entropy weaver hits you but does no damage.
You scratch the entropy weaver.
The entropy weaver is heavily wounded.
You block the entropy weaver's attack. The entropy weaver hits you. x2
* * * LOW HITPOINT WARNING * * *
The entropy weaver hits you.
* * * LOW HITPOINT WARNING * * *
You scratch the bush but do no damage. You block the entropy weaver's attack.
The entropy weaver hits you!
* * * LOW HITPOINT WARNING * * *
The entropy weaver hits you!
* * * LOW HITPOINT WARNING * * *
The entropy weaver hits you!
* * * LOW HITPOINT WARNING * * *
As you read the scroll of teleportation, it crumbles to dust.
You feel strangely unstable. You block the entropy weaver's attack.
The entropy weaver hits you!
You die...

.....##≈#.....≈≈≈≈≈≈...........#
....#≈≈≈......≈≈≈#§≈..........P#
....#≈≈≈#.....≈≈≈##≈..#....P..##
..<.≈≈≈≈......≈≈≈≈≈≈.......####
....≈≈≈P#.....≈≈≈§≈≈........#
..............≈≈≈≈§≈.......##
##P.###..÷#...§.......#....#
###..P.P>†##.P.##...##.....##
....P...........@a)..#......#
................P#####P....P#
.................#.##......P#
#............<..............##
P..####....##................#
..#.####..##.................#
....##.#..###................#
P.........##..##..####.###..##
....####..P##..#### #####...#


You could see an entropy weaver.

Vanquished Creatures
  Gastronok (Lair:3)
  Josephine (D:12)
  Fannar (D:10)
  A centaur warrior (D:11)
  10 death yaks
  The ghost of 4thArraOfDagon the Reanimator, a journeyman DgNe (D:11)
  4 two-headed ogres
  2 unseen horrors
  A cyclops (D:12)
  Maurice (D:12)
  4 black mambas
  2 rime drakes
  5 spiny frogs
  3 komodo dragons
  5 jumping spiders (Lair:3)
  2 polar bears (Lair:3)
  Grinder (D:5)
  6 blink frogs
  2 redbacks (Lair:3)
  A hippogriff (Lair:1)
  The ghost of Fingolfin the Skirmisher, an amateur TrHu (D:3)
  5 wraiths (D:12)
  2 spriggans (Lair:3)
  A vampire (D:11)
  A wyvern (D:8)
  Eustachio (D:6)
  3 hogs (D:12)
  A human (D:12)
  A steam dragon (D:10)
  23 yaks
  A hungry ghost (D:9)
  8 soldier ants (Lair:4)
  2 swamp worms (Lair:3)
  Edmund (D:5)
  5 porcupines
  6 water moccasins
  4 ice beasts
  2 phantoms
  3 orc warriors
  A necrophage (D:7)
  4 ogres
  4 sky beasts
  3 black bears
  15 centaurs
  3 wolves (Lair:3)
  10 crocodiles
  17 bullfrogs
  A gnoll sergeant (D:9)
  2 scorpions (D:10)
  A wyvern skeleton (D:9)
  9 killer bees (D:7)
  8 wights (D:10)
  3 electric eels
  A howler monkey (D:4)
  2 bullfrog zombies (D:5)
  A centaur zombie (D:7)
  3 lava snakes (Lair:3)
  7 crimson imps
  4 bullfrog skeletons
  4 hounds
  9 orc priests
  4 centaur skeletons
  7 orc wizards
  An iguana (D:12)
  14 worker ants
  2 hound zombies
  A howler monkey zombie (D:11)
  20 gnolls
  6 adders
  3 shadow imps
  An ooze (D:1)
  2 adder zombies (D:6)
  A worm (D:2)
  2 dart slugs
  9 leopard geckos
  45 orcs
  A ball python (D:7)
  8 bats
  3 giant cockroaches
  9 goblins
  19 hobgoblins
  7 jackals
  4 kobolds
  6 quokkas
  5 frilled lizards
  A jackal zombie (D:6)
  5 rats
  A bush (Lair:1)
424 creatures vanquished.

Vanquished Creatures (collateral kills)
  2 hydras (Lair:3)
  A jumping spider (Lair:3)
  A redback (Lair:3)
  A worker ant (Lair:3)
5 creatures vanquished.

Vanquished Creatures (others)
  A bush (Lair:1)
  A fungus (Lair:3)
2 creatures vanquished.

Grand Total: 431 creatures vanquished

Notes
Turn   | Place    | Note
-------+----------+-------------------------------------------
     0 | D:1      | torrenera the Troll Fighter began the quest for the Orb.
     0 | D:1      | Reached XP level 1. HP: 22/22 MP: 0/0
    90 | D:1      | Reached XP level 2. HP: 28/29 MP: 1/1
   358 | D:1      | Reached XP level 3. HP: 36/36 MP: 2/2
  1023 | D:2      | Reached XP level 4. HP: 38/44 MP: 3/3
  1439 | D:3      | Reached XP level 5. HP: 43/50 MP: 4/4
  1596 | D:3      | Noticed Fingolfin's ghost (amateur TrHu)
  1613 | D:3      | Killed Fingolfin's ghost
  1613 | D:3      | Reached skill level 5 in Unarmed Combat
  1613 | D:3      | Reached XP level 6. HP: 36/59 MP: 5/5
  2789 | D:4      | Reached XP level 7. HP: 57/66 MP: 6/6
  2875 | D:5      | Entered Level 5 of the Dungeon
  2875 | D:5      | Noticed Grinder
  2884 | D:5      | Killed Grinder
  3049 | D:5      | Found an opulent altar of Gozag.
  3152 | D:5      | Noticed Edmund
  3172 | D:5      | Killed Edmund
  3177 | D:5      | Reached XP level 8. HP: 35/74 MP: 7/7
  3869 | D:6      | Noticed Eustachio
  3898 | D:6      | Killed Eustachio
  3898 | D:6      | Reached skill level 10 in Unarmed Combat
  4063 | D:6      | Reached skill level 5 in Shields
  4228 | D:6      | Reached XP level 9. HP: 72/80 MP: 8/8
  4528 | D:7      | Found a staircase to the Ecumenical Temple.
  5369 | Temple   | Entered the Ecumenical Temple
  5389 | Temple   | Became a worshipper of Makhleb the Destroyer
  5882 | D:8      | Noticed a two-headed ogre
  5948 | D:8      | Killed a two-headed ogre
  5948 | D:8      | Reached XP level 10. HP: 39/91 MP: 9/9
  6063 | D:8      | Identified the Incunabulum of Boosting Flight
  6218 | D:9      | Reached * piety under Makhleb
  6338 | D:9      | Noticed a two-headed ogre
  6344 | D:9      | Killed a two-headed ogre
  6469 | D:9      | Reached skill level 5 in Fighting
  6506 | D:9      | Noticed a two-headed ogre
  6518 | D:9      | Killed a two-headed ogre
  6630 | D:9      | Paralysed by a hornet for 3 turns
  6824 | D:9      | Reached ** piety under Makhleb
  6981 | D:10     | Entered Level 10 of the Dungeon
  7180 | D:10     | Reached XP level 11. HP: 104/104 MP: 10/10
  7392 | D:10     | Noticed Fannar
  7441 | D:10     | Killed Fannar
  7511 | D:10     | Found a shadowy altar of Dithmenos.
  7582 | D:10     | Killed an unseen horror
  7897 | D:11     | Reached *** piety under Makhleb
  7936 | D:11     | Noticed a two-headed ogre
  7943 | D:11     | Killed a two-headed ogre
  7943 | D:11     | Reached skill level 10 in Shields
  8160 | D:11     | Noticed a centaur warrior
  8179 | D:11     | Noticed 4thArraOfDagon's ghost (journeyman DgNe)
  8184 | D:11     | Killed an unseen horror
  8191 | D:11     | Killed a centaur warrior
  8215 | D:11     | Killed 4thArraOfDagon's ghost
  8260 | D:11     | Found a staircase to the Orcish Mines.
  8338 | D:11     | Reached **** piety under Makhleb
  8618 | D:12     | Noticed Josephine
  8628 | D:12     | Killed Josephine
  8637 | D:12     | Reached XP level 12. HP: 63/119 MP: 11/11
  8805 | D:12     | Reached skill level 1 in Invocations
  8836 | D:12     | Noticed Maurice
  8844 | D:12     | Killed Maurice
  9105 | D:12     | Noticed Rupert
  9275 | D:11     | Noticed a death yak
  9276 | D:11     | Noticed a death yak
  9304 | D:11     | Killed a death yak
  9363 | D:11     | Noticed a death yak
  9368 | D:11     | Noticed a death yak
  9368 | D:11     | Noticed a death yak
  9385 | D:11     | Killed a death yak
  9401 | D:11     | Noticed a death yak
  9403 | D:11     | Noticed a death yak
  9421 | D:11     | Killed a death yak
  9421 | D:11     | Reached skill level 5 in Invocations
  9425 | D:11     | Killed a death yak
  9431 | D:11     | Killed a death yak
  9715 | D:11     | Found a staircase to the Lair.
  9725 | D:11     | Killed a death yak
  9730 | D:11     | Killed a death yak
  9789 | Lair:1   | Entered Level 1 of the Lair of Beasts
 10086 | Lair:1   | Reached ***** piety under Makhleb
 10880 | Lair:2   | Reached XP level 13. HP: 113/128 MP: 18/18
 11731 | Lair:3   | Found a staircase to the Swamp.
 11975 | Lair:3   | Noticed Gastronok
 11985 | Lair:3   | Reached skill level 5 in Dodging
 11997 | Lair:3   | Killed Gastronok
 12117 | Lair:3   | Found a hole to the Spider Nest.
 13244 | Lair:4   | Noticed an entropy weaver
 13608 | Lair:3   | Slain by an entropy weaver

Vault maps used:
D:1:      dpeg_arrival_round_c
D:2:      roderic_roman_lattice
D:4:      hangedman_decor_slide_cut
D:5:      grunt_gozag_statues, first_ration, uniq_grinder, uniq_edmund
D:6:      uniq_eustachio
D:7:      temple_statues
D:10:     basic_altar, uniq_fannar
D:11:     dpeg_lair_monsters, erik_orc_3
D:12:     grunt_livestock, uniq_psyche, uniq_josephine, uniq_rupert,
          uniq_maurice
Temple:   nicolae_temple_the_god_donut
Lair:1:   minmay_hedge_maze, beast_lair_carwin_1
Lair:2:   infiniplex_staircase_pool
Lair:3:   nicolae_swamp_entry_splash_gauntlet,
          nicolae_spider_entry_tight_spaces, forest_entry_grove, uniq_gastronok
Lair:4:   zaba_anthell, uniq_nergalle

Skill      XL: |  1  2  3  4  5  6  7  8  9 10 11 12 13 |
---------------+----------------------------------------+-----
Shields        | 3 4 5 6 9 11 | 11.0
Unarmed Combat | 3 4 5 6 8 10 11 | 11.7
Fighting       | 3 5 8 9 |  9.9
Dodging        | 3 4 7 |  7.5
Invocations    | 8 |  8.5

Action                   |  1- 3 |  4- 6 |  7- 9 | 10-12 | 13-15 || total
-------------------------+-------+-------+-------+-------+-------++-------
Melee: Unarmed           |    96 |   139 |   309 |   663 |   315 ||  1522
Throw: Stone             |       |       |       |     3 |    12 ||    15
       Large rock        |       |       |       |     4 |     6 ||    10
Invok: Lesser Servant of |       |       |       |     1 |     8 ||     9
Evoke: Wand              |       |       |       |     1 |       ||     1
  Use: Potion            |       |       |     4 |     7 |     1 ||    12
       Scroll            |       |       |    14 |     8 |     2 ||    24
 Stab: Sleeping          |       |       |       |     1 |     2 ||     3
       Distracted        |       |       |       |       |     1 ||     1
  Eat: Chunk             |    15 |    16 |    29 |    54 |    26 ||   140
Armor: Robe              |    22 |    29 |    84 |    91 |    34 ||   260
Dodge: Dodged            |    21 |    50 |   127 |   178 |   129 ||   505
Block: Shield            |    40 |    62 |   169 |   262 |   204 ||   737

Table legend:
 A = Spawn XP
 B = Non-spawn XP
 C = Spawn XP percentage of total XP
 D = Spawn monster count
 E = Non-spawn monster count
 F = Spawn count percentage of total count
 G = Total turns spent on level
                    A         B        C        D         E        F      G
               +---------+---------+-------+---------+---------+-------+---------
         Total |       0 |   55886 |   0.0 |       0 |     428 |   0.0 | 13608
               +---------+---------+-------+---------+---------+-------+---------
           D:1 |       0 |      53 |   0.0 |       0 |      26 |   0.0 |   802
           D:2 |       0 |     130 |   0.0 |       0 |      23 |   0.0 |   618
           D:3 |       0 |     303 |   0.0 |       0 |      23 |   0.0 |   674
           D:4 |       0 |     284 |   0.0 |       0 |      13 |   0.0 |   781
           D:5 |       0 |     817 |   0.0 |       0 |       8 |   0.0 |   679
           D:6 |       0 |    1296 |   0.0 |       0 |      30 |   0.0 |   870
           D:7 |       0 |    1198 |   0.0 |       0 |      26 |   0.0 |   962
           D:8 |       0 |    1941 |   0.0 |       0 |      23 |   0.0 |   756
           D:9 |       0 |    4258 |   0.0 |       0 |      38 |   0.0 |   800
          D:10 |       0 |    3123 |   0.0 |       0 |      30 |   0.0 |   912
          D:11 |       0 |   12712 |   0.0 |       0 |      60 |   0.0 |  1264
          D:12 |       0 |    4367 |   0.0 |       0 |      16 |   0.0 |   632
        Lair:1 |       0 |    7413 |   0.0 |       0 |      35 |   0.0 |  1076
        Lair:2 |       0 |    2473 |   0.0 |       0 |      11 |   0.0 |   908
        Lair:3 |       0 |   12431 |   0.0 |       0 |      45 |   0.0 |  1371
        Lair:4 |       0 |    3087 |   0.0 |       0 |      21 |   0.0 |   464
               +---------+---------+-------+---------+---------+-------+---------
